 Dungeon Crawl Stone Soup version 0.28.0-47-ge53b351184 (webtiles) character file.

Game seed: 12403545577021060707

55 bobregger the Skirmisher (level 3, -11/42 HPs)
             Began as an Ogre Berserker on Apr 30, 2022.
             Was a Follower of Trog.
             Killed by divine providence
             ... invoked by an orc priest
              (12 damage)
             ... on level 2 of the Dungeon.
             The game lasted 00:01:30 (1536 turns).

bobregger the Skirmisher (Ogre Berserker)           Turns: 1536, Time: 00:01:31

Health: -11/42     AC:  3    Str: 21    XL:     3   Next: 93%
Magic:  3/3        EV: 10    Int:  8    God:    Trog [*.....]
Gold:   44         SH:  0    Dex: 10    Spells: 2/2 levels left

rFire   . . .      SeeInvis .   a - +0 mace
rCold   . . .      Faith    .   (no shield)
rNeg    . . .      Spirit   .   b - +0 animal skin
rPois   .          Reflect  .   (helmet restricted)
rElec   .          Harm     .   (no cloak)
rCorr   .          Rampage  .   (gloves unavailable)
Will    .....                   (boots unavailable)
Stlth   +.........              (no amulet)
HPRegen 0.14/turn               (no ring)
MPRegen 0.08/turn               (no ring)

@: on berserk cooldown, slowed, very slow
A: large, unfitting armour, tough skin 1
a: Renounce Religion, Berserk


You were on level 2 of the Dungeon.
You worshipped Trog.
Trog was aware of your devotion.
You visited 1 branch of the dungeon, and saw 2 of its levels.

You collected 44 gold pieces.

Inventory:

Hand Weapons
 a - a +0 mace (weapon)
Armour
 b - a +0 animal skin (worn)
Scrolls
 c - a scroll of identify {unknown}
 d - a scroll of magic mapping {unknown}
 e - 3 scrolls of vulnerability {unknown}


   Skills:
 * Level 5.0 Fighting
 + Level 3.0 Maces & Flails
 * Level 3.4 Dodging


You had 2 spell levels left.
You didn't know any spells.
Your spell library was empty.

Dungeon Overview and Level Annotations

Branches:
Dungeon (2/15)

Altars:


Innate Abilities, Weirdness & Mutations

You are too large for most types of armour.
You have tough skin. (AC +1)


Message History

The ball python hisses angrily.
The ball python closely misses you.
You closely miss the ball python.
The ball python bites you but does no damage.
You thump the ball python!
You kill the ball python!
Trog accepts your kill.
You see here a ball python corpse.
An orc priest comes into view. It is wielding a +0 club.
An orc priest is nearby!
An orc priest is nearby!
An orc priest is nearby!
The orc priest mumbles some strange prayers to Beogh against you.
Beogh smites you!
You hear a shout!
An orc priest comes into view. It is wielding a +0 flail.
The orc priest shouts!
The orc priest mumbles some strange prayers to Beogh against you.
Pain shoots through your body!
An orc comes into view. It is wielding a +0 trident.
A red film seems to cover your vision as you go berserk!
You feel yourself moving faster!
You feel mighty!
The orc shouts!
The orc priest invokes the aid of Beogh against you.
Beogh smites you!
The orc priest mumbles some strange prayers to Beogh against you.
Beogh smites you!
* * * LOW HITPOINT WARNING * * *
You feel a strong urge to attack something.
The orc priest mumbles some strange prayers to Beogh against you.
Pain shoots through your body!
* * * LOW HITPOINT WARNING * * *
You feel your anger nearly subside.
You are no longer berserk.
You are exhausted.
You feel yourself slow down.
You aren't carrying any potions.
Okay, then.
The orc priest calls down the wrath of Beogh upon you.
Beogh smites you!
You die...

######..........#########
.........)..............+
##.#####.#<......########
##....##..#....#.# .
............#..#.#.#
#####.###..##....#.# ..
......##...........# ...
########.........### ....
#......†.@..######....
#......†..............
#..........†..........
#......(..............
#####..##o.....?......
##>##.............
####......$......
#oo.....(.....
#...##########


You could see 2 orc priests and an orc.

Vanquished Creatures
  2 adders (D:2)
  4 endoplasms
  A giant cockroach (D:1)
  3 goblins
  4 hobgoblins
  4 quokkas (D:1)
  2 ball pythons
  4 bats
  4 frilled lizards
  4 kobolds
  4 rats (D:1)
36 creatures vanquished.

Vanquished Creatures (others)
  2 fungi (D:1)
  4 plants (D:1)
6 creatures vanquished.

Grand Total: 42 creatures vanquished

Notes
Turn   | Place    | Note
-------+----------+-------------------------------------------
     0 | D:1      | bobregger the Ogre Berserker began the quest for the Orb.
     0 | D:1      | Reached XP level 1. HP: 24/24 MP: 1/1
   266 | D:1      | Reached XP level 2. HP: 28/32 MP: 2/2
   918 | D:1      | Found a faded altar of an unknown god.
   937 | D:1      | Reached XP level 3. HP: 32/40 MP: 3/3
  1333 | D:2      | Reached skill level 5 in Fighting
  1532 | D:2      | HP: 2/63 [orc priest/nerve-wracking pain (13)]
  1536 | D:2      | Killed from afar by an orc priest

Illustrated notes

Levels and vault maps discovered:
D:1:      eino_arrival_water_cross, layout_rooms,
          shapermc_ecumenical_altar_mp_urbaneastern
D:2:      layout_basic

Skill      XL: |  1  2  3 |
---------------+----------+-----
Dodging        | 3 |  3.4
Maces & Flails | 3 |  3.0
Fighting       | 5 |  5.0

Action                   || total
-------------------------++-------
Melee: Mace              ||   115
Invok: Berserk           ||     5
Armor: Animal skin       ||    54
Dodge: Dodged            ||    96
